 Dungeon Crawl Stone Soup version 0.19.1 (webtiles) character file.

484 Nydiazath the Covert (level 6, -8/28 HPs)
             Began as a Spriggan Enchanter on Dec 26, 2016.
             Was an Initiate of Okawaru.
             Mangled by an iguana (15 damage)
             ... on level 3 of the Dungeon.
             The game lasted 00:10:07 (5168 turns).

Nydiazath the Covert (Spriggan Enchanter)           Turns: 5168, Time: 00:10:08

Health: -8/28      AC:  3    Str:  4    XL:     6   Next: 88%
Magic:  7/11       EV: 19    Int: 18    God:    Okawaru [......]
Gold:   123        SH:  0    Dex: 17    Spells: 2 memorised, 7 levels left

rFire  . . .     SeeInvis +     u - +0 dagger (venom)
rCold  . . .     Gourm    .     b - +1 robe
rNeg   . . .     Faith    .     (shield restricted)
rPois  .         Spirit   .     (helmet restricted)
rElec  .         Reflect  .     (no cloak)
rCorr  +         Harm     .     (gloves unavailable)
MR     +....                    (boots unavailable)
Stlth  ++++......               (no amulet)
                                (no ring)
                                s - ring of resist corrosion

@: very slightly contaminated, very quick
A: unfitting armour, see invisible, herbivore 3, speed 3, slow metabolism 2
a: Renounce Religion


You were on level 3 of the Dungeon.
You worshipped Okawaru.
Okawaru was noncommittal.
You were full.

You visited 2 branches of the dungeon, and saw 5 of its levels.

You collected 123 gold pieces.

Inventory:

Hand Weapons
 a - a +1 dagger
 o - a +2 dagger of freezing
 u - a +0 dagger of venom (weapon)
Armour
 b - a +1 robe (worn)
Jewellery
 s - a ring of resist corrosion (left hand)
Scrolls
 e - 2 scrolls of amnesia {unknown}
 f - 2 scrolls of teleportation {unknown}
 g - a scroll of enchant weapon {unknown}
 h - 6 scrolls of remove curse {unknown}
 l - 2 scrolls of identify {unknown}
 m - a scroll of fear {unknown}
 q - a scroll of magic mapping {unknown}
 r - 2 scrolls of enchant armour {unknown}
 t - a scroll of random uselessness {unknown}
Potions
 i - a potion of mutation {unknown}
 j - a potion of degeneration {unknown}
 k - a potion of lignification {unknown}
 n - a potion of magic {unknown}
 p - 2 potions of curing
 w - a potion of heal wounds {unknown}
Books
 c - a book of Maledictions

   Spells                             Type                      Level
   a - Corona                         Hexes                        1
   b - Ensorcelled Hibernation        Hexes/Ice                    2
   c - Confuse                        Hexes                        3
   d - Tukima's Dance                 Hexes                        3
   e - Dazzling Spray                 Conjuration/Hexes            3
Comestibles
 d - 4 fruits
 v - a slice of pizza


   Skills:
 + Level 5.4 Short Blades
 + Level 3.8 Dodging
 + Level 8.9 Stealth
 - Level 2.6 Spellcasting
 - Level 3.6 Hexes


You had 7 spell levels left.
You knew the following spells:

 Your Spells              Type           Power        Failure   Level  Hunger
a - Corona                Hex            ###....      4%          1    #......
b - Ensorcelled Hibernat  Hex/Ice        #.....       14%         2    ##.....


Dungeon Overview and Level Annotations

Branches:
Dungeon (4/15)             Temple (1/1) D:4

Altars:
Ashenzari
Cheibriados
Dithmenos
Elyvilon
Fedhas
Gozag
Hepliaklqana
Kikubaaqudgha
Makhleb
Nemelex Xobeh
Okawaru
Qazlal
Ru
Sif Muna
Trog
Uskayaw
Vehumet
Xom
Yredelemnul
Zin
The Shining One


Innate Abilities, Weirdness & Mutations

You are very small and have problems with some larger weapons.
You are too small for most types of armour.
You have supernaturally acute eyesight. (SInv)
You are a herbivore.
You cover ground extremely quickly.
You need consume almost no food.


Message History

The adder is lightly wounded.
The adder bites you.
* * * LOW HITPOINT WARNING * * *
Casting: Ensorcelled Hibernation
Confirm with . or Enter, or press ? or * to list all spells.
Aiming: Ensorcelled Hibernation
Press: ? - help, Shift-Dir - straight line, f - iguana
Aim: an iguana (chance to defeat MR: 49%)
The iguana resists with some effort.
The adder bites you but does no damage. The iguana closely misses you.
Casting: Ensorcelled Hibernation
Confirm with . or Enter, or press ? or * to list all spells.
Aiming: Ensorcelled Hibernation
Press: ? - help, Shift-Dir - straight line, f/p - iguana
Aim: an iguana (chance to defeat MR: 49%)
You miscast Ensorcelled Hibernation.
You are very lightly contaminated with residual magic.
Nothing appears to happen.
The adder misses you. The iguana bites you!
Ouch! That really hurt!
You die...

##.##.............#
#.#.#.###########.# .###........#
#.# #.#.#.......#####.#######
##.##.####..............## #.##.#
#.####..........#
##.##.####...............#######
..........#####.lS.............#
.#..#.###.######@..#....######.#
.#....###.#.<.....).......(....##
.#.#...........>.<..)............
.#.#.#.........#####...######.#.#
.#.#)#.##.#.########.....# #.#.#
.#.#)#.##.#.# #.....##.# #g#.#
.#.#.#.##.#.# #.##.###.# #)#.#
.#.#.#.##.#.#####....# #.# #.#†.
.#.#.#.##.#........### #.####.#.#


You could see an iguana and an adder.

Vanquished Creatures
  An ogre (D:4)
  A hound (D:4)
  A gnoll shaman (D:3)
  An orc wizard (D:4)
  An iguana (D:4)
  Terence (D:3)
  2 worker ants (D:4)
  Robin (D:3)
  5 gnolls
  4 adders
  An ooze (D:1)
  2 worms
  5 leopard geckos
  8 orcs
  2 giant cockroaches (D:4)
  9 goblins
  11 hobgoblins
  15 jackals
  9 bats
  9 frilled lizards
  13 kobolds
  2 rats
104 creatures vanquished.

Notes
Turn   | Place    | Note
-------+----------+-------------------------------------------
     0 | D:1      | Nydiazath the Spriggan Enchanter began the quest for the Orb.
     0 | D:1      | Reached XP level 1. HP: 9/9 MP: 5/5
   109 | D:1      | Reached XP level 2. HP: 13/13 MP: 6/6
   114 | D:1      | Reached skill level 5 in Stealth
  1059 | D:3      | Learned a level 2 spell: Ensorcelled Hibernation
  1079 | D:3      | Noticed Terence
  1084 | D:3      | Killed Terence
  1084 | D:3      | Reached XP level 3. HP: 12/16 MP: 5/8
  1196 | D:3      | Reached skill level 6 in Stealth
  1440 | D:2      | Reached XP level 4. HP: 14/21 MP: 6/9
  1695 | D:2      | Found a faded altar of an unknown god.
  2986 | D:3      | Reached skill level 7 in Stealth
  2999 | D:3      | Noticed Robin
  3030 | D:3      | Killed Robin
  3030 | D:3      | Reached XP level 5. HP: 14/24 MP: 5/10
  3555 | D:4      | Noticed an ogre
  3558 | D:4      | Killed an ogre
  3558 | D:4      | Reached skill level 8 in Stealth
  3563 | D:4      | Reached XP level 6. HP: 11/28 MP: 3/11
  3846 | D:4      | Found a staircase to the Ecumenical Temple.
  3855 | Temple   | Entered the Ecumenical Temple
  3964 | Temple   | Became a worshipper of Warmaster Okawaru
  4373 | D:4      | Reached skill level 5 in Short Blades
  5168 | D:3      | Mangled by an iguana

Skill      XL: |  1  2  3  4  5  6 |
---------------+-------------------+-----
Stealth        | 5 6 7 8 |  8.9
Short Blades   | 2 3 4 5 |  5.4
Dodging        | |  3.8
Spellcasting   | |  2.6
Hexes          | |  3.6

Action                   |  1- 3 |  4- 6 || total
-------------------------+-------+-------++-------
Melee: Dagger            |   119 |   380 ||   499
 Cast: Corona            |     2 |       ||     2
       Ensorcelled Hiber |     5 |    33 ||    38
  Use: Potion            |       |     2 ||     2
 Stab: Sleeping          |    10 |    34 ||    44
  Eat: Bread ration      |       |     2 ||     2
Armor: Robe              |    17 |    44 ||    61
Dodge: Dodged            |    83 |   322 ||   405
